 Dungeon Crawl Stone Soup version 0.31-a0-986-g5e6e4ef867 (webtiles) character file.

Game seed: 754553442604724429

772 Hubris850 the Ruffian (level 7, -2/82 HPs)
             Began as a White Draconian Shapeshifter on Nov 21, 2023.
             Slain by a killer bee (5 damage)
             ... on level 5 of the Dungeon.
             The game lasted 00:08:11 (3273 turns).

Hubris850 the Ruffian (DrSh)                        Turns: 3273, Time: 00:08:12

Health: -2/82      AC: 23    Str: 19    XL:     7   Next: 53%
Magic:  7/7        EV:  2    Int: 10    God:
Gold:   162        SH:  0    Dex: 10    Spells: 6/6 levels left

rFire   . .          .
                       - Unarmed
rCold   . . .        (no shield)
rNeg    . . .        (body armour unavailable)
rPois   +            (helmet currently unavailable)
rElec   .            (cloak currently unavailable)
rCorr   +            (gloves currently unavailable)
SInv    .            (boots currently unavailable)
Will    .....        (no amulet)
Stlth   +            z - ring of resist corrosion
HPRegen 0.33/turn    (no ring)
MPRegen 0.10/turn

%: no passive effects
@: tree-form
A: stationary, stasis, torment immunity, boosted hp, (breathe frost), AC +6,
unfitting armour, (cold resistance 1), (cold-blooded)
a: no special abilities


You were on level 5 of the Dungeon.
You were a tree.
You visited 1 branch of the dungeon, and saw 5 of its levels.

You collected 162 gold pieces.

Inventory:

Hand Weapons
 q - a +1 whip of venom
Missiles
 r - 4 poisoned darts (quivered)
 w - 6 javelins
 x - 6 atropa-tipped darts
Armour
 s - a +0 cloak
Magical Staves
 o - a staff of earth
Jewellery
 k - an amulet of faith
 z - a ring of resist corrosion (left branch)
Talismans
 b - a beast talisman
 c - a flux talisman
 d - a granite talisman
 n - a serpent talisman
Scrolls
 f - 5 scrolls of identify {unknown}
 g - a scroll of fear {unknown}
 h - 2 scrolls of enchant weapon {unknown}
 j - a scroll of teleportation {unknown}
 l - a scroll of enchant armour {unknown}
 m - 2 scrolls of noise {unknown}
 p - a scroll of poison {unknown}
 t - a scroll of vulnerability {unknown}
 y - a scroll of torment {unknown}
Potions
 a - 2 potions of lignification
 e - a potion of haste {unknown}
 i - a potion of heal wounds {unknown}
 u - 2 potions of curing
 v - a potion of attraction {unknown}


   Skills:
 - Level 2.0 Fighting
 - Level 3.5 Dodging
 + Level 6.1 Unarmed Combat
 + Level 5.7 Shapeshifting


You had 6 spell levels left.
You didn't know any spells.
Your spell library contained the following spells:

 Spells                   Type           Power      Damage    Failure   Level
 Apportation              Tloc           0%         N/A       36%         1
 Necrotise                Necr           0%         1d4       36%         1
 Jinxbite                 Hex            0%         N/A       50%         2
 Vampiric Draining        Necr           0%         2d6       75%         3
 Agony                    Necr           0%         N/A       100%        5
 Alistair's Intoxication  Tmut/Pois      0%         N/A       100%        5


Dungeon Overview and Level Annotations

Branches:
Dungeon (5/15)
 Temple: D:4-7

Altars:
Uskayaw

Shops:
D:2 (


Innate Abilities, Weirdness & Mutations

You are a tree.
Your roots penetrate the ground, keeping you stationary.
You cannot be teleported.
You are immune to unholy pain and torment.
Your maximum health is greatly increased.
Your equipment is partially melded.
((You can breathe waves of freezing cold which knock back foes.))
((Your icy white scales are hard. (AC +6)))
You cannot fit into any form of body armour.
((Your flesh is cold resistant. (rC+)))
((You are cold-blooded and may be slowed by cold attacks.))


Message History

You smack the killer bee!
The killer bee is heavily wounded.
The killer bee stings you but does no damage. x3
The killer bee barely misses you.
You closely miss the killer bee.
The killer bee is heavily wounded.
The killer bee stings you but does no damage.
The killer bee stings you.
* * * LOW HITPOINT WARNING * * *
The killer bee stings you but does no damage. x2
You pummel the killer bee!!
You kill the killer bee!
The killer bee stings you.
* * * LOW HITPOINT WARNING * * *
The killer bee stings you but does no damage.
The killer bee completely misses you.
Your Unarmed Combat skill increases to level 6!
You miss the killer bee. The killer bee stings you.
* * * LOW HITPOINT WARNING * * *
The killer bee stings you but does no damage.
You closely miss the killer bee.
The killer bee stings you but does no damage. x2
The killer bee stings you.
* * * LOW HITPOINT WARNING * * *
The killer bee stings you but does no damage.
You closely miss the killer bee. Your punch misses the killer bee.
The killer bee barely misses you.
The killer bee stings you but does no damage. x3
You barely miss the killer bee. Your punch misses the killer bee.
The killer bee stings you but does no damage. x2
The killer bee stings you.
* * * LOW HITPOINT WARNING * * *
The killer bee stings you but does no damage.
You smack the killer bee!
You kill the killer bee!
The killer bee stings you but does no damage. x3
You closely miss the killer bee.
The killer bee stings you but does no damage.
The killer bee stings you.
You die...

###...### #....###
.... #....# #...##
.... ##...# ##...#
.... #...##
#....#### ....
#....####........
....
#.....##.........
....
#.............#
....
......####.....###
.... ......
###♣### ....
..###.. #yy# ....
. #.. #y.# ....
#.. #... ..##
.<... . ......
....... ......##.
# ..##


You could see 3 killer bees.

Vanquished Creatures
  Grinder (D:3)
  2 scorpions
  3 killer bees (D:5)
  A howler monkey (D:4)
  2 hounds
  4 orc wizards (D:4)
  3 adders
  3 worms
  A dart slug (D:4)
  8 orcs (D:4)
  6 ball pythons
  11 endoplasms
  5 giant cockroaches
  5 goblins
  11 hobgoblins
  9 jackals
  3 kobolds
  4 quokkas
  7 bats
  5 frilled lizards
  4 rats
98 creatures vanquished.

Notes
Turn   | Place    | Note
-------+----------+-------------------------------------------
     0 | D:1      | Hubris850 the Draconian Shapeshifter began the quest for
                  | the Orb.
     0 | D:1      | Reached XP level 1. HP: 16/16 MP: 1/1
    86 | D:1      | Reached XP level 2. HP: 11/23 MP: 2/2
   744 | D:2      | Reached XP level 3. HP: 22/29 MP: 3/3
  1174 | D:2      | Reached XP level 4. HP: 29/36 MP: 4/4
  1201 | D:2      | Found Odeost's Antique Weapon Boutique.
  1606 | D:3      | Noticed Grinder
  1631 | D:3      | Killed Grinder
  1632 | D:3      | Reached skill level 4 in Unarmed Combat
  1632 | D:3      | Reached XP level 5. HP: 34/41 MP: 5/5
  1632 | D:3      | Reached XP level 6. HP: 40/48 MP: 6/6
  2322 | D:4      | Reached skill level 5 in Unarmed Combat
  2415 | D:4      | Reached skill level 5 in Shapeshifting
  2570 | D:4      | Found a hide-covered altar of Uskayaw.
  2755 | D:4      | Your scales start taking on an icy white colour.
  2755 | D:4      | Reached XP level 7. HP: 35/55 MP: 7/7
  2755 | D:4      | Gained mutation: Your flesh is cold resistant. (rC+) [White
                  | Draconian growth]
  3042 | D:5      | Entered Level 5 of the Dungeon
  3193 | D:5      | Identified the +4 ring mail of the Breadfruit {*Slow rF+
                  | Will+}
  3268 | D:5      | Reached skill level 6 in Unarmed Combat
  3271 | D:5      | HP: 2/82 [killer bee (3)]
  3273 | D:5      | Slain by a killer bee

Illustrated notes

Levels and vault maps discovered:
D:1:      minmay_arrival_arboretum_small, layout_loops_ring
D:2:      layout_basic, serial_shops, nicolae_shop_dealshenge,
          minmay_octomino_c4
D:3:      layout_rooms, uniq_grinder
D:4:      layout_gridville, nicolae_uskayaw_murder_on_the_dancefloor
D:5:      layout_layer_cave, minmay_misc_feat_tiny

Skill      XL: |  1  2  3  4  5  6  7 |
---------------+----------------------+-----
Dodging        | 2 3 |  3.5
Fighting       | 2 |  2.0
Unarmed Combat | 4 5 6 |  6.1
Shapeshifting  | 4 5 |  5.7

Action                     |  1- 3 |  4- 6 |  7- 9 || total
---------------------------+-------+-------+-------++-------
  Melee: Unarmed           |   124 |   143 |    21 ||   288
         Tailslap          |     8 |    23 |     2 ||    33
         Punch             |     2 |     2 |       ||     4
         Whip              |       |       |     9 ||     9
  Throw: Dart              |       |     5 |     3 ||     8
Ability: Breathe Frost     |       |       |     1 ||     1
    Use: Potion            |       |       |     3 ||     3
 Armour: Skin              |    61 |    80 |    83 ||   224
  Dodge: Dodged            |    75 |    83 |    20 ||   178

Table legend: (Time is in decaauts)
 A = Elapsed time spent in this place.
 B = Non-inter-level travel time spent in this place.
 C = Inter-level travel time spent in this place.
 D = Time resting spent in this place.
 E = Time spent auto-exploring this place.
 F = Levels seen in this place.
 G = Mean time per level.
                   A        B        C        D        E       F      G
               +--------+--------+--------+--------+--------+-----+--------+
         Total |   3250 |   3201 |     49 |    262 |   2290 |   5 |  650.0 |
       Dungeon |   3250 |   3201 |     49 |    262 |   2290 |   5 |  650.0 |
               +--------+--------+--------+--------+--------+-----+--------+

Top non-repeatable levels by time:
     D:4: 1104 daAuts
     D:2: 744 daAuts
     D:1: 679 daAuts
     D:3: 492 daAuts
     D:5: 228 daAuts
